 Dungeon Crawl Stone Soup version 0.21.1-1-g345015f (webtiles) character file.

41 vatarom the Grave Robber (level 3, -3/27 HPs)
             Began as a Demonspawn Necromancer on Mar 22, 2018.
             Slain by a worm (11 damage)
             ... on level 2 of the Dungeon.
             The game lasted 00:03:21 (1701 turns).

vatarom the Grave Robber (Demonspawn Necromancer)   Turns: 1701, Time: 00:03:22

Health: -3/27      AC:  2    Str:  7 (9)  XL:     3   Next: 32%
Magic:  6/6        EV: 12    Int: 15 (16) God:
Gold:   55         SH:  0    Dex: 10 (13) Spells: 1/6 levels left

rFire    . . .     SeeInvis .   d - +0 dagger
rCold    . . .     Gourm    .   (no shield)
rNeg     . . .     Faith    .   a - +0 robe
rPois    .         Spirit   .   (no helmet)
rElec    .         Reflect  .   (no cloak)
rCorr    .         Harm     .   (no gloves)
MR       .....                  (no boots)
Stlth    ++........             (no amulet)
HPRegen  0.09/turn              (no ring)
MPRegen  0.10/turn              (no ring)

@: no status effects
A: foul stench 1, rot immunity
a: no special abilities


You were on level 2 of the Dungeon.
You were not hungry.

You visited 1 branch of the dungeon, and saw 2 of its levels.

You collected 55 gold pieces.

Inventory:

Hand Weapons
 d - a +0 dagger (weapon)
Armour
 a - a +0 robe (worn)
Scrolls
 e - a scroll of amnesia {unknown}
 f - a scroll of identify
 g - a scroll of remove curse
 h - a scroll of fog
Books
 b - a book of Necromancy

   Spells                             Type                      Level
   a - Pain                           Necromancy                   1
   b - Animate Skeleton               Necromancy                   1
   c - Vampiric Draining              Necromancy                   3
   d - Regeneration                   Charms/Necromancy            3
   e - Animate Dead                   Necromancy                   4
   f - Borgnjor's Vile Clutch         Necromancy/Earth             5
Comestibles
 c - 3 rations
 i - 2 chunks of flesh


   Skills:
 * Level 1.7 Fighting
 - Level 1.7 Dodging
 - Level 1.7 Stealth
 + Level 2.3 Spellcasting
 * Level 5.0 Necromancy


You had one spell level left.
You knew the following spells:

 Your Spells              Type           Power        Failure   Level  Hunger
a - Pain                  Necr           ###.         2%          1    #......
b - Animate Skeleton      Necr           N/A          2%          1    #......
c - Vampiric Draining     Necr           ###.......   9%          3    ###....


Dungeon Overview and Level Annotations

Branches:
Dungeon (2/15)

Altars:

Annotations:
D:2 Jessica, Sigmund


Innate Abilities, Weirdness & Mutations

You may emit foul miasma when damaged in melee.
You are immune to rotting.


Message History

[Y]es or [N]o only, please.
Are you sure you want to stumble around while confused and next to your leopard gecko skeleton?
Are you sure you want to stumble around while confused and next to your leopard gecko skeleton? [Y]es or [N]o only, please.
Are you sure you want to stumble around while confused and next to your leopard gecko skeleton? [Y]es or [N]o only, please.
Are you sure you want to stumble around while confused and next to your leopard gecko skeleton?
Okay, then.
A worm is nearby!
Something hits you.
You feel less confused. Something barely misses you. Something hits you.
Something hits you.
* * * LOW HITPOINT WARNING * * *
Your leopard gecko skeleton bites the worm.
Your leopard gecko skeleton bites the worm but does no damage.
Something tries to affect you, but you resist.
The worm bites you!
You die...

#.#........#.. #...
.......(<..#.# ####
..#....)ยง..#.## #.+# #+ #. #
######+.@...# ...#####. #.
#####+.....# #..#...... #.
............######..#......###.
............#.......#.......##.
............#..................
...(........(.@...........#.###
######+.....#..w..{.#.....#..##
#######...Z...#.....##.##
#.[................
######'###.######.#
###.............
#.......(.####.# #.........#
#.. #.........# ##.


You could see a worm and a friendly leopard gecko skeleton.

Vanquished Creatures
  An adder (D:2)
  A dart slug (D:1)
  A leopard gecko (D:2)
  A ball python (D:1)
  A giant cockroach (D:2)
  4 goblins
  7 kobolds
  A quokka (D:2)
  2 bats (D:1)
  4 frilled lizards
  2 rats (D:1)
25 creatures vanquished.

Vanquished Creatures (collateral kills)
  A dart slug (D:1)
  A giant cockroach (D:1)
  2 hobgoblins (D:1)
4 creatures vanquished.

Grand Total: 29 creatures vanquished

Notes
Turn   | Place    | Note
-------+----------+-------------------------------------------
     0 | D:1      | vatarom the Demonspawn Necromancer began the quest for the Orb.
     0 | D:1      | Reached XP level 1. HP: 13/13 MP: 3/3
     7 | D:1      | Learned a level 1 spell: Animate Skeleton
   420 | D:1      | Gained mutation: You are immune to rotting. [demonic ancestry]
   420 | D:1      | Reached XP level 2. HP: 19/20 MP: 5/5
   433 | D:1      | Reached skill level 1 in Fighting
  1086 | D:2      | HP: 1/21 [kobold/whip (2)]
  1135 | D:2      | Noticed Sigmund
  1144 | D:2      | Noticed Jessica
  1414 | D:2      | Gained mutation: You may emit foul miasma when damaged in melee. [demonic ancestry]
  1414 | D:2      | Reached XP level 3. HP: 25/26 MP: 4/6
  1526 | D:2      | Learned a level 3 spell: Vampiric Draining
  1589 | D:2      | Reached skill level 5 in Necromancy
  1701 | D:2      | Slain by a worm

Skill      XL: |  1  2  3 |
---------------+----------+-----
Fighting       | 1 |  1.7
Necromancy     | 5 |  5.0
Dodging        | |  1.7
Stealth        | |  1.7
Spellcasting   | |  2.3

Action                   || total
-------------------------++-------
Melee: Dagger            ||    34
       Unarmed           ||     1
 Cast: Pain              ||    35
       Animate Skeleton  ||    16
  Use: Scroll            ||     2
       Potion            ||     3
 Stab: Sleeping          ||     2
  Eat: Chunk             ||     3
Armor: Robe              ||     3
Dodge: Dodged            ||    40
